 Dungeon Crawl Stone Soup version 0.27.1-33-g824d729ab1 (webtiles) character file.

Game seed: 169190377028537593

3214 MisterFreud the Basher (level 9, 0/81 HPs)
             Began as a Minotaur Abyssal Knight on Dec 14, 2021.
             Was a High Priest of Lugonu.
             Succumbed to a scorpion's poison
             ... on level 6 of the Dungeon.
             The game lasted 00:10:29 (7516 turns).

MisterFreud the Basher (Minotaur Abyssal Knight)    Turns: 7516, Time: 00:10:30

Health: 0/81       AC: 13    Str: 19    XL:     9   Next: 65%
Magic:  13/13      EV:  8    Int:  9    God:    Lugonu [*****.]
Gold:   181        SH:  0    Dex: 20    Spells: 8/8 levels left

rFire    . . .     SeeInvis .   r - +1 whip (elec)
rCold    . . .     Faith    .   (no shield)
rNeg     . . .     Spirit   .   y - +0 chain mail
rPois    .         Reflect  .   (helmet restricted)
rElec    .         Harm     .   u - +0 cloak
rCorr    +         Rampage  .   x - +0 pair of gloves {Dex+3}
Will     .....                  G - +0 pair of boots
Stlth    ..........             (no amulet)
HPRegen  0.23/turn              q - ring of resist corrosion
MPRegen  0.13/turn              k - +6 ring of dexterity

@: lethally poisoned (0 -> -9)
A: horns 2, retaliatory headbutt
a: Renounce Religion, Depart the Abyss, Bend Space, Banish, Corrupt, Enter the
Abyss


You were on level 6 of the Dungeon.
You worshipped Lugonu.
Lugonu was extremely pleased with you.
You visited 1 branch of the dungeon, and saw 7 of its levels.
You visited the Abyss 1 time.
You also visited: Sewer and Ossuary.

You collected 353 gold pieces.
You spent 172 gold pieces at shops.

Inventory:

Hand Weapons
 a - a +1 falchion
 e - a +1 vampiric dagger
 r - a +1 whip of electrocution (weapon)
 E - a +3 scimitar
Missiles
 d - 62 poisoned darts (quivered)
 j - 10 boomerangs
 w - 7 datura-tipped darts
 M - a curare-tipped dart
Armour
 b - a +0 leather armour
 u - a +0 cloak (worn)
 x - a +0 pair of gloves of dexterity (worn)
 y - a +0 chain mail (worn)
 G - a +0 pair of boots (worn)
Jewellery
 k - a +6 ring of dexterity (right hand)
 q - a ring of resist corrosion (left hand)
Wands
 A - a wand of mindburst (15)
 C - a wand of flame (6)
 K - a wand of charming (9)
Scrolls
 h - 7 scrolls of teleportation
 m - 2 scrolls of magic mapping
 o - a scroll of torment
 s - a scroll of fog
 v - 2 scrolls of vulnerability
 B - a scroll of noise
 D - a scroll of amnesia
 H - a scroll of enchant weapon
 I - a scroll of acquirement {unknown}
 J - a scroll of brand weapon {unknown}
 L - a scroll of holy word {unknown}
 Q - a scroll of summoning {unknown}
Potions
 c - 2 potions of curing
 f - a potion of resistance
 g - a potion of magic
 l - a potion of flight
 n - 2 potions of lignification
 p - 7 potions of heal wounds {unknown}
 t - a potion of degeneration
 F - a potion of haste
 N - a potion of invisibility
 O - a potion of mutation
 P - a potion of cancellation


   Skills:
 - Level 8.0 Fighting
 - Level 2.4 Long Blades
 - Level 10.0 Maces & Flails
 - Level 6.0 Armour
 - Level 1.1 Dodging
 + Level 7.9 Invocations


You had 8 spell levels left.
You didn't know any spells.
Your spell library contained the following spells:

 Spells                   Type           Power      Damage    Failure   Level
 Magic Dart               Conj           0%         1d3       99%         1
 Call Imp                 Summ           0%         N/A       99%         2
 Inner Flame              Hex/Fire       0%         N/A       100%        3
 Mephitic Cloud           Conj/Pois/Air  0%         N/A       100%        3
 Cause Fear               Hex            0%         N/A       100%        4
 Dragon Form              Tmut           0%         N/A       100%        7
 Discord                  Hex            0%         N/A       100%        8
 Dragon's Call            Summ           0%         N/A       100%        9


Dungeon Overview and Level Annotations

Branches:
Dungeon (7/15)             Temple (0/1) D:6           Sewer (visited)
Ossuary (visited)

Altars:
Elyvilon
Fedhas
Makhleb
Nemelex Xobeh
Wu Jian
Yredelemnul
Zin
The Shining One

Shops:
D:1 [   D:4 *   D:5 (


Innate Abilities, Weirdness & Mutations

You have a pair of horns on your head.
You reflexively headbutt those who attack you in melee.


Message History

You closely miss the killer bee. You headbutt the killer bee!
The killer bee is almost dead.
The killer bee stings you.
You are poisoned.
The killer bee poisons you!
You hit the killer bee. You headbutt the killer bee.
You kill the killer bee!
Lugonu accepts your kill.
You feel sick.
A gnoll comes into view. It is wielding a +0 club.
You feel sick.
The gnoll shouts!
The scorpion stings you!
* * * LOW HITPOINT WARNING * * *
The gnoll misses you. The scorpion stings you.
* * * LOW HITPOINT WARNING * * *
You are more poisoned.
The scorpion poisons you!
Things that are here:
a killer bee corpse; a killer bee corpse You feel very sick.
You see here a killer bee corpse.
You feel sick.
You feel sick.
You feel sick.
The scorpion stings you but does no damage.
You feel sick.
You feel sick.
You feel sick.
You feel sick.
You feel sick.
You are no longer poisoned.
The scorpion closely misses you.
There is a stone staircase leading up here.
The scorpion stings you.
* * * LOW HITPOINT WARNING * * *
You are lethally poisoned!
The scorpion poisons you!
You climb upwards.
You die...

...........#..#.######
..####.....#..#......#
#.####.....##...####.#
.§§§............####.##
≈≈≈≈≈§≈≈≈..##.........#
≈.§...§.§.###...####..#
§.≈≈≈≈≈.≈§# #.#..###..#
≈.≈_..§§≈.# #.#..#....#
≈.§≈≈.≈.≈.###...@s...##
≈.§§..≈§...#####.#.###
≈≈§§§≈§≈§..#####.#.#
.§§..§.§≈.§........#
≈.§.≈≈§§≈..#######.#######
≈.≈§._§§≈..# #.......#
≈.§≈≈§§.≈..# #########
≈......§§§.# ≈≈≈≈≈≈≈≈§§.#


You could see a scorpion.

Vanquished Creatures
  2 wraiths (Ossuary)
  A water moccasin (D:6)
  2 orc warriors (D:7)
  A black bear (D:4)
  A necrophage (D:6)
  3 sky beasts
  2 centaurs
  2 ogres
  2 phantoms
  A kobold brigand (Sewer)
  3 elf skeletons (D:5)
  2 scorpions
  5 killer bees (D:7)
  4 wights (Ossuary)
  2 centaur zombies
  3 human zombies (D:5)
  A jelly (D:6)
  An orc priest (D:7)
  2 hounds
  2 bullfrog skeletons
  4 human skeletons (D:5)
  3 iguanas
  2 orc wizards (D:7)
  2 killer bee zombies
  A howler monkey zombie (D:6)
  3 gnolls (D:2)
  9 river rats (Sewer)
  6 adders
  2 shadow imps (D:6)
  An ufetubus (D:6)
  An adder zombie (Ossuary)
  A dart slug (D:1)
  4 worms
  20 orcs
  8 ball pythons
  9 endoplasms
  4 giant cockroaches
  9 goblins
  10 hobgoblins
  19 kobolds
  2 quokkas
  A ball python skeleton (Ossuary)
  5 bats
  3 frilled lizards
  2 hobgoblin zombies (Ossuary)
  3 orc skeletons
  An orc zombie (Ossuary)
  22 rats
199 creatures vanquished.

Notes
Turn   | Place    | Note
-------+----------+-------------------------------------------
     0 | Abyss:1  | MisterFreud the Minotaur Abyssal Knight began the quest for
                  | the Orb.
     0 | Abyss:1  | Reached XP level 1. HP: 19/19 MP: 1/1
    30 | Abyss:1  | Found a corrupted altar of Lugonu.
    59 | D:1      | Escaped the Abyss
   299 | D:1      | Reached * piety under Lugonu
   389 | D:1      | Reached XP level 2. HP: 28/28 MP: 2/2
   757 | D:1      | Reached skill level 5 in Fighting
   903 | D:1      | Reached XP level 3. HP: 34/36 MP: 3/3
   991 | D:1      | Found Jeuwk's Armour Shop.
  1287 | D:2      | Noticed an ogre
  1300 | D:2      | Killed an ogre
  1301 | D:2      | Reached XP level 4. HP: 45/45 MP: 4/4
  1440 | D:2      | Reached XP level 5. HP: 26/51 MP: 5/5
  1442 | D:2      | Reached ** piety under Lugonu
  1831 | D:2      | Noticed a phantom
  1842 | D:2      | Killed a phantom
  1983 | D:2      | Found a faded altar of an unknown god.
  2416 | D:3      | Reached skill level 1 in Maces & Flails
  2416 | D:3      | Reached XP level 6. HP: 60/61 MP: 6/6
  3003 | D:4      | Found a sparkling altar of Nemelex Xobeh.
  3034 | D:4      | Reached skill level 2 in Maces & Flails
  3245 | D:4      | Found a glowing silver altar of Zin.
  3265 | D:4      | Found Guvonk's Assorted Antiques.
  3284 | D:4      | Bought a pair of embroidered gloves for 172 gold pieces
  3760 | D:5      | Entered Level 5 of the Dungeon
  3812 | D:5      | Found Wetal's Weapon Emporium.
  3839 | D:5      | Found a glowing golden altar of the Shining One.
  3847 | D:5      | Reached skill level 3 in Maces & Flails
  3878 | D:5      | Reached XP level 7. HP: 62/68 MP: 7/7
  3910 | D:5      | Reached skill level 5 in Armour
  3922 | D:5      | Reached skill level 4 in Maces & Flails
  3967 | D:5      | Reached *** piety under Lugonu
  3987 | D:5      | Reached skill level 5 in Maces & Flails
  3993 | D:5      | Found a sand-covered staircase.
  4003 | Ossuary  | Entered an ossuary
  4073 | Ossuary  | Reached skill level 6 in Maces & Flails
  4270 | Ossuary  | Reached XP level 8. HP: 73/74 MP: 8/8
  4295 | Ossuary  | Noticed a flying skull
  4302 | Ossuary  | Noticed a flying skull
  4308 | Ossuary  | Noticed a flying skull
  4330 | Ossuary  | Noticed a flying skull
  4348 | Ossuary  | Reached skill level 7 in Maces & Flails
  4425 | Ossuary  | Reached skill level 8 in Maces & Flails
  4665 | D:5      | Found a white marble altar of Elyvilon.
  4884 | D:5      | Reached skill level 9 in Maces & Flails
  5228 | D:6      | Reached skill level 10 in Maces & Flails
  5375 | D:6      | Reached XP level 9. HP: 69/81 MP: 10/10
  5465 | D:6      | Found a staircase to the Ecumenical Temple.
  5603 | D:6      | Found a burning altar of Makhleb.
  5619 | D:6      | Found a blossoming altar of Fedhas.
  5738 | D:6      | Found a glowing drain.
  5760 | Sewer    | Entered a sewer
  5835 | Sewer    | Reached **** piety under Lugonu
  5967 | Sewer    | Reached skill level 5 in Invocations
  6887 | D:7      | Reached ***** piety under Lugonu
  7349 | D:7      | Found an ornate altar of the Wu Jian Council.
  7478 | D:7      | Found a basalt altar of Yredelemnul.
  7515 | D:7      | HP: 3/81 [scorpion (4)]
  7516 | D:6      | Succumbed to a scorpion's poison

Illustrated notes

Levels and vault maps discovered:
D:1:      psy_arrival_terrarium, layout_basic, serial_shops,
          nicolae_lakefront_shop, corexii_leaking_fountain, bh_walls_and_bars
D:2:      layout_rooms, ebering_ecumenical_altar_box
D:3:      layout_basic, minmay_statues_item
D:4:      layout_loops_cross, zin_statuary,
          mainiacjoe_overflow_concentric_impassable, minmay_shop_grid_forest
D:5:      layout_basic, mainiacjoe_overflow_catwalk, lemuel_doored_altar,
          nicolae_ossuary_entry_catacombs, serial_shops, shop
D:6:      layout_basic, mainiacjoe_overflow_catwalk_spiral,
          minmay_temple_entry_glassed_door, cheibrodos_sewer_entry_bend
D:7:      layout_cave_pools, grunt_temple_overflow_bloody_war,
          nzn_wu_jian_contemplation, tgw_kikubaaqudgha,
          overflow_temple_1_default

Skill      XL: |  1  2  3  4  5  6  7  8  9 |
---------------+----------------------------+-----
Fighting       | 4 5 6 8 |  8.0
Maces & Flails | 1 3 6 10 | 10.0
Armour         | 3 4 6 |  6.0
Invocations    | 3 7 |  7.9
Long Blades    | |  2.4
Dodging        | |  1.1

Action                   |  1- 3 |  4- 6 |  7- 9 || total
-------------------------+-------+-------+-------++-------
Melee: Falchion          |    63 |    44 |       ||   107
       Headbutt          |    13 |    28 |    84 ||   125
       Whip              |       |    56 |   341 ||   397
Invok: Depart the Abyss  |     1 |       |       ||     1
  Use: Scroll            |       |       |    19 ||    19
       Potion            |       |       |     1 ||     1
 Stab: Sleeping          |     1 |     1 |       ||     2
       Distracted        |       |       |     1 ||     1
Armor: Leather armour    |    19 |    13 |       ||    32
       Chain mail        |       |     8 |   150 ||   158
Dodge: Dodged            |    44 |    63 |   101 ||   208
       Rpst.: Falchion   |    10 |     7 |       ||    17
